 Dungeon Crawl Stone Soup version 0.28.0-53-g5a82cb258f (webtiles) character file.

Game seed: 16747848686329541024

132 Zeld the Changer (level 4, -5/36 HPs)
             Began as a Draconian Transmuter on May 21, 2022.
             Killed by divine providence
             ... invoked by an orc priest
              (10 damage)
             ... on level 3 of the Dungeon.
             The game lasted 00:02:24 (3686 turns).

Zeld the Changer (Draconian Transmuter)             Turns: 3686, Time: 00:02:25

Health: -5/36      AC:  2    Str: 14    XL:     4   Next: 92%
Magic:  5/8        EV: 19    Int: 13    God:
Gold:   160        SH:  0    Dex: 17    Spells: 2/8 levels left

rFire   . . .      SeeInvis .     - Unarmed
rCold   . . .      Faith    .   (shield currently unavailable)
rNeg    . . .      Spirit   .   (armour unavailable)
rPois   x          Reflect  .   (helmet currently unavailable)
rElec   .          Harm     .   (cloak currently unavailable)
rCorr   .          Rampage  .   (gloves currently unavailable)
Will    .....                   (boots currently unavailable)
Stlth   ++........              (no amulet)
HPRegen 0.12/turn               (no ring)
MPRegen 0.11/turn               (no ring)

@: spider-form (expiring)
A: venomous fangs, AC +5, tiny, unfitting armour, (cold-blooded)
a: End Transformation


You were on level 3 of the Dungeon.
You were a venomous arachnid creature.
You visited 1 branch of the dungeon, and saw 4 of its levels.

You collected 160 gold pieces.

Inventory:

Armour
 h - a +0 pair of boots (melded)
Jewellery
 i - a +6 ring of intelligence
Scrolls
 b - a scroll of teleportation {unknown}
 c - 2 scrolls of fear {unknown}
 d - 2 scrolls of blinking {unknown}
 f - a scroll of amnesia {unknown}
 g - 2 scrolls of identify {unknown}
Potions
 a - 2 potions of curing {unknown}
 e - a potion of magic {unknown}


   Skills:
 + Level 2.1 Fighting
 + Level 2.3 Dodging
 - Level 3.0 Unarmed Combat
 * Level 2.8 Spellcasting
 * Level 3.3 Transmutations
 + Level 0.9 Ice Magic
 + Level 1.1 Poison Magic


You had 2 spell levels left.
You knew the following spells:

 Your Spells              Type           Power      Damage    Failure   Level
a - Beastly Appendage     Tmut           20%        N/A       17%         1
b - Wereblood             Tmut           10%        N/A       22%         2
c - Spider Form           Tmut/Pois      7%         N/A       50%         3

Your spell library contained the following spells:

 Spells                   Type           Power      Damage    Failure   Level
 Poisonous Vapours        Pois/Air       6%         N/A       50%         2
 Corpse Rot               Necr/Air       2%         N/A       56%         2
 Ignite Poison            Fire/Tmut/Pois 5%         N/A       58%         3
 Inner Flame              Hex/Fire       1%         N/A       77%         3
 Ice Form                 Ice/Tmut       7%         N/A       86%         4
 Sticky Flame             Conj/Fire      1%         2d3       98%         4
 Fireball                 Conj/Fire      0%         3d3       100%        5


Dungeon Overview and Level Annotations

Branches:
Dungeon (4/15)
 Temple: D:4-7

Altars:


Innate Abilities, Weirdness & Mutations

You are a venomous arachnid creature.
You have poisonous fangs.
You are tiny and dextrous.
Your spellcasting is less reliable in this form.
Your armour is entirely melded.
You are incapable of wielding weapons or throwing items.
((Your plain brown scales are hard. (AC +5)))
You cannot fit into any form of body armour.
((You are cold-blooded and may be slowed by cold attacks.))


Message History

Done exploring.
Done exploring.
Done exploring.
There is a stone staircase leading down here.
You climb downwards.
The orc shouts! x3; The orc wizard shouts!
The hobgoblin shouts!
You hear a shout!
Found a stone staircase leading up.
There is a stone staircase leading up here.
Okay, then.
Casting: Beastly Appendage (safe; 6% risk of failure)
Confirm with . or Enter, or press ? or * to list all spells.
The spell is quite dangerous to miscast (28% risk of failure)!
Continue anyway?
You turn into a venomous arachnid creature.
Your +0 pair of boots melds into your body.
The orc priest shouts!
The orc wizard barely misses you.
You hit the orc wizard.
The orc wizard is poisoned.
The orc wizard is lightly wounded.
The orc priest mumbles some strange prayers to Beogh against you.
Pain shoots through your body! The orc wizard misses you.
You climb upwards.
There is a stone staircase leading down here.
Unknown command.
You hit the orc wizard.
The orc wizard looks as sick as possible!
The orc wizard is severely wounded.
You kill the orc wizard!
The orc misses you.
The orc priest mumbles some strange prayers to Beogh against you.
Beogh smites you!
Unknown command.
You hit the orc priest but do no damage.
The orc priest is poisoned.
Your transformation is almost over.
The orc hits you with a +1 mace of holy wrath.
* * * LOW HITPOINT WARNING * * *
The orc priest invokes the aid of Beogh against you.
Beogh smites you!
You die...

####....##.#.#.#.##.#
...#....+..#.#.#.##.#
........##...#.#.##.#
.#.#....##...#.#.#..#
.#.#....##...'......#
.#.#....##...##..#..#
.#.#....##...##.g#..#
<#.#.##########oo#..#
.#......(......)s#..#############
.##.##############..............#
.##.# #.############.# .##.# #.#
####.# ....# #.# #.[..# ....# #.#
#.#### #...# #.# #.# ....# #.#
#.# ....# #.# #.####


You could see an orc priest (poisoned), an orc and a hobgoblin.

Vanquished Creatures
  An orc wizard (D:3)
  Robin (D:2)
  An adder (D:2)
  A worm (D:2)
  2 dart slugs
  An orc (D:3)
  5 endoplasms
  11 giant cockroaches
  11 goblins
  8 hobgoblins
  3 jackals (D:2)
  9 kobolds
  3 quokkas
  5 ball pythons
  4 bats
  3 frilled lizards
  6 rats
75 creatures vanquished.

Notes
Turn   | Place    | Note
-------+----------+-------------------------------------------
     0 | D:1      | Zeld the Draconian Transmuter began the quest for the Orb.
     0 | D:1      | Reached XP level 1. HP: 16/16 MP: 3/3
   412 | D:1      | Reached XP level 2. HP: 23/23 MP: 3/5
   935 | D:1      | Learned a level 2 spell: Wereblood
   945 | D:1      | Got Coilat's Papyrus of the Arsonist
  1384 | D:1      | Reached XP level 3. HP: 28/28 MP: 3/6
  1388 | D:1      | Learned a level 3 spell: Spider Form
  2192 | D:2      | Identified the -5 helmet "Yhiol" {Contam rF+ Stlth+}
  2192 | D:2      | Noticed Robin
  2204 | D:2      | Reached XP level 4. HP: 35/36 MP: 3/7
  2207 | D:2      | Killed Robin
  2225 | D:2      | Reached skill level 1 in Poison Magic
  2647 | D:2      | Found a faded altar of an unknown god.
  3686 | D:3      | Killed from afar by an orc priest

Illustrated notes

Levels and vault maps discovered:
D:1:      pf_arrival_petrified_forest, layout_basic, minmay_tall_x
D:2:      minmay_roachtagon, layout_loops_corners,
          hellmonk_ecumenical_altar_run_dry, minivault_5,
          chequers_serial_rivers_small_a, lightli_corner_chamber, uniq_robin
D:3:      layout_basic, minmay_misc_feat_pillars, minmay_strange_pillars
D:4:      layout_rooms, gammafunk_temple_overflow_pools, uniq_natasha

Skill      XL: |  1  2  3  4 |
---------------+-------------+-----
Dodging        | 2 |  2.3
Transmutations | 3 |  3.3
Fighting       | 2 |  2.1
Poison Magic   | 1 |  1.1
Unarmed Combat | |  3.0
Spellcasting   | |  2.8
Ice Magic      | |  0.9

Action                   |  1- 3 |  4- 6 || total
-------------------------+-------+-------++-------
Melee: Unarmed           |   136 |    54 ||   190
       Kick              |    27 |    13 ||    40
       Headbutt          |    14 |     3 ||    17
       Tailslap          |    11 |     4 ||    15
       Punch             |     1 |       ||     1
 Cast: Beastly Appendage |    28 |    18 ||    46
       Wereblood         |     1 |       ||     1
       Spider Form       |       |     1 ||     1
 Stab: Sleeping          |     1 |       ||     1
Armor: Skin              |    42 |    17 ||    59
Dodge: Dodged            |   121 |    36 ||   157
